 Dungeon Crawl Stone Soup version 0.29-a0-553-g81b289dbe5 (webtiles) character file.

Game seed: 6336722552534333355

35 Hubjo the Insei (level 3, -1/27 HPs)
             Began as a Demonspawn Transmuter on June 6, 2022.
             Killed from afar by a dart slug (3 damage)
             ... with a slug dart
             ... on level 3 of the Dungeon.
             The game lasted 00:02:29 (2131 turns).

Hubjo the Insei (Demonspawn Transmuter)             Turns: 2131, Time: 00:02:30

Health: -1/27      AC:  2    Str: 10    XL:     3   Next: 16%
Magic:  4/6        EV: 12    Int: 20    God:
Gold:   139        SH:  0    Dex: 15    Spells: 2/6 levels left

rFire   . . .      SeeInvis .     - Unarmed
rCold   . . .      Faith    .   (no shield)
rNeg    . . .      Spirit   .   a - +0 robe
rPois   .          Reflect  .   (helmet currently unavailable)
rElec   .          Harm     .   (no cloak)
rCorr   .          Rampage  .   (no gloves)
Will    .....                   (boots currently unavailable)
Stlth   ++........              (no amulet)
HPRegen 0.09/turn               c - +6 ring of intelligence
MPRegen 0.10/turn               (no ring)

@: appendages, very slightly contaminated
A: talons 2, antennae 1, demonic magic 1
a: End Transformation


You were on level 3 of the Dungeon.
You had temporarily grown beastly talons.
You visited 1 branch of the dungeon, and saw 3 of its levels.

You collected 139 gold pieces.

Inventory:

Armour
 a - a +0 robe (worn)
Jewellery
 c - a +6 ring of intelligence (left hand)
Scrolls
 f - a scroll of vulnerability {unknown}
 j - 2 scrolls of noise
 m - a scroll of magic mapping
 n - a scroll of identify (quivered)
Potions
 b - a potion of lignification
 d - a potion of might {unknown}
 e - 2 potions of heal wounds {unknown}
 g - a potion of mutation {unknown}
 h - a potion of resistance {unknown}
 i - a potion of attraction {unknown}
 k - a potion of ambrosia {unknown}


   Skills:
 * Level 1.9 Fighting
 - Level 1.7 Dodging
 + Level 0.9 Stealth
 + Level 3.0 Unarmed Combat
 + Level 2.2 Spellcasting
 + Level 2.0 Transmutations


You had 2 spell levels left.
You knew the following spells:

 Your Spells              Type           Power      Damage    Failure   Level
a - Beastly Appendage     Tmut           20%        N/A       7%          1
b - Spider Form           Tmut/Pois      6%         N/A       30%         3

Your spell library contained the following spells:

 Spells                   Type           Power      Damage    Failure   Level
 Wereblood                Tmut           10%        N/A       10%         2
 Magic Dart               Conj           8%         1d3       16%         1
 Call Imp                 Summ           2%         N/A       24%         2
 Mephitic Cloud           Conj/Pois/Air  2%         N/A       43%         3
 Ice Form                 Ice/Tmut       6%         N/A       69%         4
 Summon Lightning Spire   Summ/Air       2%         N/A       83%         4
 Storm Form               Tmut/Air       3%         N/A       100%        7
 Maxwell's Capacitive Co  Air            1%         ∞         100%        8


Dungeon Overview and Level Annotations

Branches:
Dungeon (3/15)

Altars:
Uskayaw


Innate Abilities, Weirdness & Mutations

You have temporarily grown beastly talons.
You have a pair of small antennae on your head.
Spells you cast may paralyse adjacent enemies.


Message History

You are too injured to fight recklessly!
You are too injured to fight recklessly!
You are too injured to fight recklessly!
You are too injured to fight recklessly!
You are too injured to fight recklessly!
You are too injured to fight recklessly!
You are too injured to fight recklessly!
You are too injured to fight recklessly!
You are too injured to fight recklessly!
Casting: Beastly Appendage (safe; 7% risk of failure)
Confirm with . or Enter, or press ? or * to list all spells.
You miscast Beastly Appendage.
You are very lightly contaminated with residual magic.
Nothing appears to happen.
The bat misses you. The jackal misses you. The endoplasm freezes you.
You are frozen.
The dart slug briefly extends its eye-stalks.
The jackal bites you but does no damage.
Casting: Beastly Appendage (safe; 7% risk of failure)
Confirm with . or Enter, or press ? or * to list all spells.
Your feet morph into talons.
Malevolent energies surge around you.
The bat suddenly stops moving!
The endoplasm freezes you.
You are frozen.
The jackal misses you.
As you read the scroll labelled WEIRHA ECUWUT, it crumbles to dust.
It is a scroll of identify.
m - a scroll of magic mapping The jackal closely misses you.
The endoplasm freezes you.
You are frozen.
* * * LOW HITPOINT WARNING * * *
As you read the scroll labelled HOAF ZUBESOIPE, it crumbles to dust.
The creatures around you are filled with an inner flame!
It was a scroll of immolation.
The jackal barely misses you. The endoplasm freezes you.
You are frozen.
* * * LOW HITPOINT WARNING * * *
The dart slug launches a dart at you. The slug dart hits you.
You die...

...## #.#._.#.#
##..### ##.......##
###.†.###.........#
# ###.#......8....#
# #......8...8..#
##............#
#....8.....8.#####.
##..........J......
#....8...8@h.....#
##.....8.†b.##..##
#...........[. ...
..###....#........
.....####..w...
#..## ...... ...
...... #. ......


You could see a dart slug (inner flame), an endoplasm (inner flame), a jackal
(inner flame) and a bat (inner flame, paralysed).

Vanquished Creatures
  A worm (D:2)
  A dart slug (D:2)
  3 ball pythons
  2 bats
  3 endoplasms (D:1)
  2 giant cockroaches (D:2)
  A goblin (D:1)
  5 hobgoblins
  2 jackals (D:3)
  2 quokkas (D:1)
  2 frilled lizards (D:1)
  A kobold (D:2)
  A rat (D:3)
26 creatures vanquished.

Notes
Turn   | Place    | Note
-------+----------+-------------------------------------------
     0 | D:1      | Hubjo the Demonspawn Transmuter began the quest for the
                  | Orb.
     0 | D:1      | Reached XP level 1. HP: 15/15 MP: 3/3
    66 | D:1      | Found a faded altar of an unknown god.
   407 | D:1      | Gained mutation: Spells you cast may paralyse adjacent
                  | enemies. [demonic ancestry]
   407 | D:1      | Reached XP level 2. HP: 21/21 MP: 3/5
  1412 | D:2      | Lost mutation: You have a pair of horns on your head.
                  | [demonic ancestry]
  1412 | D:2      | Lost mutation: You have a pair of small horns on your head.
                  | [demonic ancestry]
  1412 | D:2      | Gained mutation: You have a pair of small antennae on your
                  | head. [demonic ancestry]
  1412 | D:2      | Reached XP level 3. HP: 15/27 MP: 4/6
  2086 | D:2      | Learned a level 3 spell: Spider Form
  2094 | D:3      | Reached skill level 3 in Unarmed Combat
  2106 | D:3      | Found a hide-covered altar of Uskayaw.
  2131 | D:3      | Killed from afar by a dart slug

Illustrated notes

Levels and vault maps discovered:
D:1:      dpeg_arrival_houses_and_road, layout_loops_ring,
          ebering_ecumenical_altar_hall
D:2:      layout_loops_ring, minmay_pentomino_s4
D:3:      layout_rooms, nicolae_uskayaw_dance_hall

Skill      XL: |  1  2  3 |
---------------+----------+-----
Transmutations | 2 |  2.0
Unarmed Combat | 3 |  3.0
Fighting       | |  1.9
Dodging        | |  1.7
Stealth        | |  0.9
Spellcasting   | |  2.2

Action                   || total
-------------------------++-------
Melee: Unarmed           ||    76
       Headbutt          ||    10
       Kick              ||    15
       Punch             ||     2
 Cast: Beastly Appendage ||    24
  Use: Scroll            ||     3
 Stab: Sleeping          ||     1
       Paralysed         ||     4
Armor: Robe              ||    18
Dodge: Dodged            ||    73

Table legend: (Time is in decaauts)
 A = Elapsed time spent in this place.
 B = Non-inter-level travel time spent in this place.
 C = Inter-level travel time spent in this place.
 D = Time resting spent in this place.
 E = Time spent auto-exploring this place.
 F = Levels seen in this place.
 G = Mean time per level.
                   A        B        C        D        E       F      G
               +--------+--------+--------+--------+--------+-----+--------+
         Total |   2126 |   2081 |     45 |    415 |   1443 |   3 |  708.7 |
       Dungeon |   2126 |   2081 |     45 |    415 |   1443 |   3 |  708.7 |
               +--------+--------+--------+--------+--------+-----+--------+

Top non-repeatable levels by time:
     D:2: 1283 daAuts
     D:1: 800 daAuts
     D:3: 43 daAuts
